 Dungeon Crawl Stone Soup version 0.31-a0-1074-g0b22e4e0f1 (webtiles) character file.

Game seed: 3631215541375484024

2582 DrainTrain the Frost Mage (level 9, -1/58 (60) HPs)
             Began as a Human Ice Elementalist on Dec 2, 2023.
             Was an Elder of Zin.
             Slain by a wight
             ... wielding a +0 falchion of electrocution
              (4 damage)
             ... on level 9 of the Dungeon.
             The game lasted 01:20:25 (8017 turns).

DrainTrain the Frost Mage (Human Ice Elementalist)  Turns: 8017, Time: 01:20:26

HP:   -1/58 (60)    AC:  5    Str: 13    XL:     9   Next: 88%
MP:   19/19         EV: 18    Int: 20    God:    Zin [****..]
Gold: 324           SH:  0    Dex: 14    Spells: 11/22 levels left

rFire   . . .        A - +4 quarterstaff of Onkuluy {heavy, rCorr Str+5}
rCold   . . .        (shield currently unavailable)
rNeg    . . .        a - +0 robe
rPois   .            (no helmet)
rElec   .            (no cloak)
rCorr   +            (no gloves)
SInv    .            r - +2 pair of boots
Will    .....        (no amulet)
Stlth   ++           i - +5 ring of evasion
HPRegen 0.29/turn    (no ring)
MPRegen 0.16/turn

%: no passive effects
@: lightly drained
A: no striking features
a: Renounce Religion, Recite, Vitalisation, Imprison, Donate Gold


You were on level 9 of the Dungeon.
You worshipped Zin.
Zin was greatly pleased with you.
You visited 1 branch of the dungeon, and saw 9 of its levels.

You collected 360 gold pieces.
You donated 36 gold pieces to Zin.

Inventory:

Hand Weapons
 g - a +0 sling
 m - a +1 mace of protection
 z - a +2 dagger of venom
 A - the +4 quarterstaff of Onkuluy (weapon) {heavy, rCorr Str+5}
   (You took it off an orc wizard on level 5 of the Dungeon)

   Str+5:     It affects your strength (+5).
   rCorr:     It protects you from acid and corrosion.
 C - a +0 whip of flaming
 E - a +0 flail of holy wrath
 H - a +5 hand axe
Missiles
 n - 16 poisoned darts
 o - 4 throwing nets
Armour
 a - a +0 robe (worn)
 r - a +2 pair of boots (worn)
Magical Staves
 t - a staff of conjuration
Jewellery
 c - a ring of flight
 i - a +5 ring of evasion (left hand)
Wands
 s - a wand of digging (12)
 G - a wand of flame (13) (quivered)
Scrolls
 d - a scroll of butterflies {unknown}
 e - a scroll of fog {unknown}
 l - 2 scrolls of teleportation {unknown}
 y - 4 scrolls of identify
 B - 2 scrolls of immolation
Potions
 b - 2 potions of magic
 f - 5 potions of heal wounds {unknown}
 j - 6 potions of curing
 k - 4 potions of degeneration {unknown}
 q - 2 potions of haste {unknown}
 u - 2 potions of attraction {unknown}
 v - 2 potions of ambrosia
 w - 2 potions of mutation {unknown}
 D - a potion of lignification {unknown}


   Skills:
 + Level 1.6 Fighting
 + Level 1.1 Short Blades
 + Level 3.2 Staves
 + Level 3.6 Dodging
 + Level 3.1 Stealth
 * Level 7.2 Spellcasting
 * Level 9.2 Ice Magic
 + Level 1.2 Evocations


You had 11 spell levels left.
You knew the following spells:

 Your Spells              Type           Power      Damage    Failure   Level
a - Freeze                Ice            100%       1d10      1%          1
b - Ozocubu's Armour      Ice            44%        N/A       1%          3
c - Frozen Ramparts       Ice            88%        1d14      1%          3
d - Summon Ice Beast      Ice/Summ       25%        N/A       14%         4

Your spell library contained the following spells:

 Spells                   Type           Power      Damage    Failure   Level
 Summon Small Mammal      Summ           28%        N/A       10%         1
 Call Canine Familiar     Summ           7%         N/A       28%         3
 Summon Guardian Golem    Hex/Summ       7%         N/A       28%         3
 Ozocubu's Refrigeration  Ice            22%        4d12      87%         7


Dungeon Overview and Level Annotations

Branches:
Dungeon (9/15)             Temple (0/1) D:6
   Lair: D:8-11         Orc: D:9-12

Altars:
Makhleb
Zin


Message History

Things that are here:
a +0 club; an orc corpse
Things that are here:
a +0 club; an orc corpse
Things that are here:
a +0 whip; a +0 leather armour; an orc corpse
Found a stone staircase leading down.
Found a scroll labelled ANESEIH XEGEFE.
A centaur warrior comes into view.
Found 4 stones.
The centaur warrior shouts!
You hear a horrible gurgling sound!
You hear a shout! x2
The centaur warrior wields a +0 orcbow.
The centaur warrior shoots an arrow.
The arrow completely misses you.
A seven-headed hydra comes into view.
The seven-headed hydra roars!
You hear a bellow!
The centaur warrior shoots an arrow.
The arrow completely misses you.
You hear a shout! x2
The centaur warrior shoots an arrow.
The arrow hits you!
The centaur warrior shoots an arrow.
The arrow barely misses you.
The centaur warrior shoots an arrow.
The arrow hits you!
The centaur warrior shoots an arrow.
The arrow hits you!
There is a stone staircase leading down, spattered with blood here.
The centaur warrior shoots an arrow.
The arrow misses you.
You climb downwards.
There is a stone staircase leading up here.
As you read the scroll labelled MIS PUEQASH, it crumbles to dust.
It is a scroll of identify.
B - 2 scrolls of immolation The wight completely misses you.
The wight hits you with a +2 hand axe of freezing!
* * * LOW HITPOINT WARNING * * *
The wight freezes you.
* * * LOW HITPOINT WARNING * * *
Found a stone staircase leading up.
The wight attacks as it pursues you!
The wight hits you with a +0 falchion of electrocution!
* * * LOW HITPOINT WARNING * * *
You feel drained.
You die...

..........
.....z...
.........
........
#...zz#
#.....#
#.....#
#zz...###
#@.......
#......##
.......#
........#
#..........
#..........
#........##
#..<.....#


You could see 5 wights.

Vanquished Creatures
  A wyvern (D:7)
  An ice beast (D:6)
  A sky beast (D:6)
  An ogre (D:4)
  A black bear (D:4)
  2 centaurs
  2 phantoms (D:5)
  A kobold brigand (D:7)
  2 bullfrogs
  2 gnoll sergeants (D:6)
  3 scorpions
  A wight (D:7)
  9 killer bees
  3 howler monkeys (D:7)
  A quasit (D:5)
  A gnoll bouda (D:5)
  2 hounds
  2 jellies
  A sleepcap (D:7)
  An iguana (D:4)
  5 orc wizards
  13 gnolls
  8 adders
  2 shadow imps (D:5)
  5 white imps
  2 worms (D:4)
  3 dart slugs
  13 orcs
  12 endoplasms
  7 giant cockroaches
  16 goblins
  19 hobgoblins
  4 quokkas
  4 ball pythons
  3 bats
  5 frilled lizards
  12 kobolds
  9 rats
180 creatures vanquished.

Notes
Turn   | Place    | Note
-------+----------+-------------------------------------------
     0 | D:1      | DrainTrain the Human Ice Elementalist began the quest for
                  | the Orb.
     0 | D:1      | Reached XP level 1. HP: 13/13 MP: 3/3
   306 | D:1      | Reached XP level 2. HP: 13/19 MP: 3/5
   655 | D:1      | Reached XP level 3. HP: 23/24 MP: 4/6
   695 | D:1      | Learned a level 3 spell: Ozocubu's Armour
  1274 | D:1      | Found a faded altar of an unknown god.
  1288 | D:1      | Prayed at the altar of an unknown god.
  1288 | D:1      | Became a worshipper of Zin the Law-Giver
  1288 | D:1      | Reached * piety under Zin
  1572 | D:2      | Reached XP level 4. HP: 31/31 MP: 3/8
  2405 | D:2      | Reached skill level 5 in Ice Magic
  2449 | D:2      | Reached ** piety under Zin
  2673 | D:3      | Reached XP level 5. HP: 36/36 MP: 4/9
  3104 | D:3      | Learned a level 3 spell: Frozen Ramparts
  3710 | D:4      | Noticed a black bear
  3721 | D:4      | Killed a black bear
  3722 | D:4      | Reached XP level 6. HP: 42/42 MP: 2/12
  3780 | D:4      | Noticed an ogre
  3801 | D:4      | Killed an ogre
  3802 | D:4      | Reached skill level 1 in Short Blades
  3861 | D:4      | Reached *** piety under Zin
  4198 | D:4      | Reached XP level 7. HP: 46/47 MP: 13/13
  4500 | D:5      | Entered Level 5 of the Dungeon
  4798 | D:5      | Found a burning altar of Makhleb.
  4804 | D:5      | Reached skill level 6 in Ice Magic
  5037 | D:5      | Identified the +4 quarterstaff of Onkuluy {heavy, rCorr
                  | Str+5}
  5045 | D:5      | Reached skill level 5 in Spellcasting
  5131 | D:5      | Paralysed by an orc for 2 turns
  5209 | D:5      | Reached XP level 8. HP: 53/53 MP: 9/15
  5370 | D:5      | Reached skill level 1 in Fighting
  5881 | D:6      | Learned a level 4 spell: Summon Ice Beast
  6007 | D:6      | Found a staircase to the Ecumenical Temple.
  6092 | D:6      | Reached skill level 7 in Ice Magic
  6325 | D:6      | Reached skill level 1 in Staves
  6608 | D:6      | Reached **** piety under Zin
  6727 | D:6      | Reached skill level 1 in Evocations
  6802 | D:6      | Reached XP level 9. HP: 57/59 MP: 16/18
  6879 | D:6      | Reached skill level 8 in Ice Magic
  7477 | D:7      | Reached skill level 9 in Ice Magic
  8005 | D:8      | Noticed a centaur warrior
  8006 | D:8      | Noticed a seven-headed hydra
  8017 | D:9      | HP: 3/60 [wight/+0 falchion of electrocution (11)]
  8017 | D:9      | Slain by a wight

Illustrated notes

Levels and vault maps discovered:
D:1:      dpeg_chamrin_arrival_tetris, layout_basic,
          dilly_ecumenical_altar_fadedgnrine, minmay_pentomino_q2
D:2:      cheibrodos_greedy_goblins, layout_basic
D:3:      layout_loops_corners
D:4:      layout_loops_ring, serial_glass, glass_columns_b, glass_columns_c,
          serial_bayou_pond_b, columned_hall_lemuel, serial_bayou_lagoon_a
D:5:      layout_loops_corners, mainiacjoe_overflow_six_doors_small,
          serial_demonic, serial_demonic_b, serial_demonic_d, serial_demonic_e,
          serial_demonic_b, serial_demonic_b
D:6:      layout_basic, minmay_temple_entry_drinking_statues
D:7:      layout_cave_pools, kennysheep_small_spiral
D:8:      minmay_curly_fans, layout_rooms, cheibriados_altar_1, minivault_26
D:9:      layout_stronghold, kennysheep_mini_moat, hangedman_misty_isle

Skill      XL: |  1  2  3  4  5  6  7  8  9 |
---------------+----------------------------+-----
Spellcasting   | 3 4 5 6 7 |  7.2
Ice Magic      | 5 6 7 9 |  9.2
Short Blades   | 1 |  1.1
Dodging        | 3 |  3.6
Fighting       | 1 |  1.6
Staves         | 1 3 |  3.2
Evocations     | 1 |  1.2
Stealth        | 3 |  3.1

Action                     |  1- 3 |  4- 6 |  7- 9 || total
---------------------------+-------+-------+-------++-------
  Melee: Dagger            |    30 |   140 |       ||   170
         Punch             |       |     2 |     2 ||     4
         Staff             |       |    19 |    61 ||    80
         Quarterstaff      |       |       |    75 ||    75
  Throw: Dart              |       |     2 |     2 ||     4
         Throwing net      |       |     1 |       ||     1
   Cast: Freeze            |    49 |    56 |    25 ||   130
         Ozocubu's Armour  |     4 |    11 |    30 ||    45
         Frozen Ramparts   |       |     7 |    37 ||    44
  Evoke: Wand              |       |       |     9 ||     9
    Use: Potion            |       |       |     2 ||     2
         Scroll            |       |       |     1 ||     1
   Stab: Sleeping          |       |     2 |       ||     2
         Paralysed         |       |       |     4 ||     4
 Armour: Robe              |    30 |    86 |   122 ||   238
  Dodge: Dodged            |    36 |   187 |   209 ||   432

Table legend: (Time is in decaauts)
 A = Elapsed time spent in this place.
 B = Non-inter-level travel time spent in this place.
 C = Inter-level travel time spent in this place.
 D = Time resting spent in this place.
 E = Time spent auto-exploring this place.
 F = Levels seen in this place.
 G = Mean time per level.
                   A        B        C        D        E       F      G
               +--------+--------+--------+--------+--------+-----+--------+
         Total |   8102 |   7901 |    201 |   1145 |   3478 |   9 |  900.2 |
       Dungeon |   8102 |   7901 |    201 |   1145 |   3478 |   9 |  900.2 |
               +--------+--------+--------+--------+--------+-----+--------+

Top non-repeatable levels by time:
     D:1: 1509 daAuts
     D:5: 1399 daAuts
     D:6: 1272 daAuts
     D:4: 1033 daAuts
     D:2: 1028 daAuts
     D:3: 942 daAuts
     D:7: 810 daAuts
     D:8: 105 daAuts
     D:9: 1 daAuts
